 Dungeon Crawl Stone Soup version 0.17-a0-1951-g62301d3 (webtiles) character file.

93 LordBones the Sneak (level 4, 0/30 HPs)
             Began as an Octopode Assassin on Sept 15, 2015.
             Succumbed to an adder's poison
             ... on level 3 of the Dungeon on Oct 2, 2015.
             The game lasted 00:10:15 (1866 turns).

LordBones the Sneak (Octopode Assassin)             Turns: 1866, Time: 00:10:15

Health: 0/30       AC:  1    Str: 11    XL:     4   Next: 62%
Magic:  4/4        EV: 12    Int: 13    God:
Gold:   125        SH:  0    Dex: 13    Spells: 0 memorised, 3 levels left

rFire  . . .     SeeInvis .     a - +3 dagger
rCold  . . .     Clarity  .     (no shield)
rNeg   . . .     SustAt   +     (helmet restricted)
rPois  .         Gourm    .     (no amulet)
rElec  .         Spirit   .     l - ring of loudness (curse)
rCorr  .         Warding  .     n - ring of sustain attributes
rMut   .         Stasis   .     (no ring)
MR     .....                    (no ring)
Stlth  ++++......               (no ring)
                                (no ring)
                                (no ring)
                                (no ring)

@: lethally poisoned (0 -> -3), fainting, not resistant to hostile enchantments,
stealthy
A: almost no armour, amphibious, 8 rings, constrict 8, camouflage 1, gelatinous
body 1
a: no special abilities


You were on level 3 of the Dungeon.
You were fainting.

You visited 1 branch of the dungeon, and saw 3 of its levels.

You collected 125 gold pieces.

Inventory:

Hand weapons
 a - a +3 dagger (weapon)
 b - a +0 blowgun
 h - a +0 mace
 m - a +0 hand axe
Missiles
 c - 8 poisoned needles
 d - 2 curare-tipped needles
Armour
 j - a +0 helmet
Jewellery
 l - a cursed ring of loudness (left tentacle)
 n - a ring of sustain attributes (right tentacle)
Magical devices
 g - a wand of enslavement (17)
Scrolls
 k - a scroll of identify
 q - a scroll of remove curse
Potions
 i - a potion of poison
Comestibles
 e - 3 bread rations
 f - a beef jerky
 o - a slice of pizza
 p - a meat ration


   Skills:
 + Level 2.3 Fighting
 + Level 2.2 Short Blades
 + Level 2.1 Throwing
 + Level 1.7 Dodging
 + Level 7.3 Stealth


You had 3 spell levels left.
You didn't know any spells.

Dungeon Overview and Level Annotations

Branches:
Dungeon (3/15)

Altars:
Fedhas


Innate Abilities, Weirdness & Mutations

You cannot wear most types of armour.
You are amphibious.
You can wear up to eight rings at the same time.
You can use your tentacles to constrict eight enemies at once.
Your skin changes colour to match your surroundings (Stealth).
Your rubbery body absorbs attacks (AC +1).


Message History

* * * LOW HITPOINT WARNING * * *
You feel sick. The kobold closely misses you. The kobold closely misses you.
You hit the kobold but do no damage. Your grab misses the kobold.
* * * LOW HITPOINT WARNING * * *
You feel sick. The kobold closely misses you.
You hit the kobold but do no damage. Your grab misses the kobold.
The kobold misses you.
You hit the kobold. You grab the kobold.
You squeeze the kobold, but do no damage.
The kobold is almost dead.
You constrict the kobold.
You kill the kobold!
* * * LOW HITPOINT WARNING * * *
You feel sick.
You see here a scroll of remove curse.
q - a scroll of remove curse
* * * LOW HITPOINT WARNING * * *
You feel sick.
You die...

##### #.#
..... ..#
.....###..###
........[...#
............#
............#
............#
.......@....#
..........(.#
###...(....>#
#.........#
#.........#
#.........#
#########.#
#.# #.#


There were no monsters in sight!

Vanquished Creatures
  Jessica (D:2)
  3 adders
  4 worms (D:2)
  5 giant cockroaches
  2 goblins (D:1)
  4 bats
  4 giant newts
  7 kobolds
  7 rats
37 creatures vanquished.

Notes
Turn   | Place    | Note
--------------------------------------------------------------
     0 | D:1      | LordBones the Octopode Assassin began the quest for the Orb.
     0 | D:1      | Reached XP level 1. HP: 14/14 MP: 1/1
   340 | D:2      | Reached XP level 2. HP: 19/19 MP: 2/2
   374 | D:2      | Reached skill level 6 in Stealth
   619 | D:2      | Reached XP level 3. HP: 16/24 MP: 3/3
   711 | D:2      | Noticed Jessica
   718 | D:2      | Killed Jessica
   720 | D:2      | Reached skill level 7 in Stealth
   720 | D:2      | Reached XP level 4. HP: 29/29 MP: 4/4
   726 | D:2      | Found a blossoming altar of Fedhas.
  1554 | D:1      | Upgraded the game from 0.17-a0-1838-g891d947 to 0.17-a0-1951-g62301d3
  1863 | D:3      | HP: 1/30 [poisoned by an adder]
  1866 | D:3      | Succumbed to an adder's poison

Vault maps used:
D:1:      mrwooster_arrival_statue, roderic_filled_cross
D:2:      st_stairs_11, minmay_stone_trees_medium, fedhas_altar_4, uniq_jessica
D:3:      first_bread, uniq_crazy_yiuf_cottage, uniq_iyjb

Action                   |  1- 3 |  4- 6 || total
-------------------------+-------+-------++-------
Melee: Dagger            |    30 |    42 ||    72
  Use: Scroll            |     5 |     2 ||     7
       Potion            |     5 |     1 ||     6
 Stab: Sleeping          |     9 |     2 ||    11
